ESL (28 & UNDER)
PENQUANNOCK OVERRATED JETER @ READING RAINBOWS
07/26/2027
 
TOP OF THE 1ST
Penquannock Overrated Jeter batting - Pitching for Reading Rainbows : LHP Beau Montgomery
Pitching: LHP Beau Montgomery
Batting: RHB Aaron Holt 0-0: Ball
1-0: Ball
2-0: Swinging Strike
2-1: Foul Ball, location: 2F
2-2: Ball
3-2: Foul Ball, location: 2F
3-2: SINGLE (Line Drive, 4M)
Batting: RHB Doug Brown 0-0: Called Strike
0-1: Swinging Strike
0-2: Ball
1-2: Strikes out looking
Batting: RHB José Velásquez 0-0: Foul Ball, location: 2F
0-1: Reached on error, E1 (Groundball, 13S)
Aaron Holt to second
Batting: LHB Pete Weber 0-0: Foul Ball, location: 2F
0-1: Ball
1-1: Fly out, F9 (Flyball, 9)
Batting: LHB Tony Green 0-0: Fly out, F8 (Flyball, 8LM)
Top of the 1st over - 0 run(s), 1 hit(s), 1 error(s), 2 left on base; Penquannock 0 - Reading 0
BOTTOM OF THE 1ST
Reading Rainbows batting - Pitching for Penquannock Overrated Jeter : RHP Richard Edwards
Pitching: RHP Richard Edwards
Batting: RHB Von Ford 0-0: Ball
1-0: Foul Ball, location: 2F
1-1: SINGLE (Groundball, 4D)
Batting: RHB Ron King 0-0: Ball
1-0: Called Strike
1-1: Ball
2-1: Swinging Strike
2-2: Ground out 5-3 (Groundball, 56S)
Von Ford to second
Batting: LHB António Salazar 0-0: Called Strike
0-1: Ball
1-1: Ball
2-1: Called Strike
2-2: Foul Ball, location: 2F
2-2: Ball
3-2: Foul Ball, location: 2F
3-2: Base on Balls
Batting: LHB John Hudson 0-0: Called Strike
0-1: Called Strike
0-2: DOUBLE (Flyball, 7D)
Von Ford scores
António Salazar to third
Batting: LHB Shane Lynch 0-0: 3-RUN HOME RUN (Flyball, 9D), Distance : 370 ft
Batting: SHB Dan Chandler 0-0: Called Strike
0-1: Called Strike
0-2: Foul Ball, location: 2F
0-2: Ball
1-2: Strikes out swinging
Batting: RHB Tim Davis 0-0: Ground out 6-3 (Groundball, 6)
Bottom of the 1st over - 4 run(s), 3 hit(s), 0 error(s), 0 left on base; Penquannock 0 - Reading 4
TOP OF THE 2ND
Penquannock Overrated Jeter batting - Pitching for Reading Rainbows : LHP Beau Montgomery
Batting: RHB Armando Pagán 0-0: Foul Ball, location: 2F
0-1: Foul Ball, location: 2F
0-2: Ball
1-2: Ball
2-2: Ground out 4-3 (Groundball, 4)
Batting: LHB Matt Reese 0-0: Ball
1-0: Called Strike
1-1: Foul Ball, location: 2F
1-2: Fly out, F8 (Flyball, 8RD)
Batting: RHB Vincent Fields 0-0: Called Strike
0-1: SINGLE (Line Drive, 8RS)
Batting: RHB Barton Frazier 0-0: Ball
1-0: Called Strike
1-1: Ball
2-1: Foul Ball, location: 2F
2-2: Foul Ball, location: 2F
2-2: Foul Ball, location: 2F
2-2: Fly out, F7 (Flyball, 7LS)
Top of the 2nd over - 0 run(s), 1 hit(s), 0 error(s), 1 left on base; Penquannock 0 - Reading 4
BOTTOM OF THE 2ND
Reading Rainbows batting - Pitching for Penquannock Overrated Jeter : RHP Richard Edwards
Batting: RHB Hubert Brown 0-0: Called Strike
0-1: Ball
1-1: Foul Ball, location: 2F
1-2: Ball
2-2: Fly out, F9 (Line Drive, 89M)
Batting: RHB Louis Smith 0-0: Ball
1-0: Ground out 4-3 (Groundball, 4)
Batting: RHB Von Ford 0-0: Called Strike
0-1: Ground out U3 (Groundball, 3L)
Bottom of the 2nd over - 0 run(s), 0 hit(s), 0 error(s), 0 left on base; Penquannock 0 - Reading 4
TOP OF THE 3RD
Penquannock Overrated Jeter batting - Pitching for Reading Rainbows : LHP Beau Montgomery
Batting: RHB Aaron Holt 0-0: Called Strike
0-1: Foul Ball, location: 2F
0-2: Strikes out swinging
Batting: RHB Doug Brown 0-0: Called Strike
0-1: Foul Ball, location: 2F
0-2: Ball
1-2: Ball
2-2: Foul Ball, location: 2F
2-2: Foul Ball, location: 2F
2-2: Foul Ball, location: 2F
2-2: Foul Ball, location: 2F
2-2: Ball
3-2: Base on Balls
Batting: RHB José Velásquez 0-0: Called Strike
0-1: Foul Ball, location: 2F
0-2: Ball
1-2: Ball
2-2: Ball
3-2: Base on Balls
Doug Brown to second
Batting: LHB Pete Weber 0-0: Fly out, F3 (Popup, 3S)
Batting: LHB Tony Green 0-0: Foul Ball, location: 2F
0-1: Ball
1-1: Ball
2-1: Ball
3-1: Foul Ball, location: 2F
3-2: Foul Ball, location: 2F
3-2: Base on Balls
Doug Brown to third
José Velásquez to second
Batting: RHB Armando Pagán 0-0: Swinging Strike
0-1: Called Strike
0-2: Ball
1-2: Ball
2-2: SINGLE (Flyball, 9S)
Doug Brown scores
José Velásquez to third
Tony Green to second
Runner from 3rd tries for Home, SAFE, no throw
Batting: LHB Matt Reese 0-0: Ground out U3 (Groundball, 3)
Top of the 3rd over - 2 run(s), 1 hit(s), 0 error(s), 2 left on base; Penquannock 2 - Reading 4
BOTTOM OF THE 3RD
Reading Rainbows batting - Pitching for Penquannock Overrated Jeter : RHP Richard Edwards
Batting: RHB Ron King 0-0: Called Strike
0-1: Swinging Strike
0-2: Ball
1-2: Strikes out swinging
Batting: LHB António Salazar 0-0: Ball
1-0: Swinging Strike
1-1: Fly out, F7 (Flyball, 7)
Batting: LHB John Hudson 0-0: Fly out, F7 (Flyball, 7)
Bottom of the 3rd over - 0 run(s), 0 hit(s), 0 error(s), 0 left on base; Penquannock 2 - Reading 4
TOP OF THE 4TH
Penquannock Overrated Jeter batting - Pitching for Reading Rainbows : LHP Beau Montgomery
Batting: RHB Vincent Fields 0-0: Ball
1-0: Called Strike
1-1: Ball
2-1: Ground out 4-3 (Groundball, 4)
Batting: RHB Barton Frazier 0-0: Ball
1-0: Swinging Strike
1-1: Ground out 5-3 (Groundball, 56)
Batting: RHB Aaron Holt 0-0: DOUBLE (Line Drive, 7LS)
Batting: RHB Doug Brown 0-0: Called Strike
0-1: Ball
1-1: Foul Ball, location: 2F
1-2: Strikes out swinging
Top of the 4th over - 0 run(s), 1 hit(s), 0 error(s), 1 left on base; Penquannock 2 - Reading 4
BOTTOM OF THE 4TH
Reading Rainbows batting - Pitching for Penquannock Overrated Jeter : RHP Richard Edwards
Pitching: RHP Joaquín Rojas
Batting: LHB Shane Lynch 0-0: Ball
1-0: Foul Ball, location: 2F
1-1: Swinging Strike
1-2: Foul Ball, location: 2F
1-2: Fly out, F7 (Flyball, 7S)
Batting: SHB Dan Chandler 0-0: Called Strike
0-1: Swinging Strike
0-2: Fly out, F9 (Flyball, 9S)
Batting: RHB Tim Davis 0-0: Ball
1-0: Ground out 6-3 (Groundball, 56)
Bottom of the 4th over - 0 run(s), 0 hit(s), 0 error(s), 0 left on base; Penquannock 2 - Reading 4
TOP OF THE 5TH
Penquannock Overrated Jeter batting - Pitching for Reading Rainbows : LHP Beau Montgomery
Batting: RHB José Velásquez 0-0: Foul Ball, location: 2F
0-1: Swinging Strike
0-2: Ball
1-2: Ball
2-2: Ball
3-2: Strikes out swinging
Batting: LHB Pete Weber 0-0: Ball
1-0: Ball
2-0: Called Strike
2-1: Called Strike
2-2: Ground out 4-3 (Groundball, 34)
Batting: LHB Tony Green 0-0: Ball
1-0: Called Strike
1-1: SINGLE (Groundball, 56S) (infield hit)
Batting: RHB Armando Pagán 0-0: Called Strike
0-1: Swinging Strike
0-2: Ball
1-2: Foul Ball, location: 2F
1-2: Ball
2-2: Strikes out swinging
Top of the 5th over - 0 run(s), 1 hit(s), 0 error(s), 1 left on base; Penquannock 2 - Reading 4
BOTTOM OF THE 5TH
Reading Rainbows batting - Pitching for Penquannock Overrated Jeter : RHP Joaquín Rojas
Batting: RHB Hubert Brown 0-0: Called Strike
0-1: Foul Ball, location: 2F
0-2: Ball
1-2: Ball
2-2: Strikes out swinging
Batting: RHB Louis Smith 0-0: Called Strike
0-1: DOUBLE (Flyball, 78M)
Batting: RHB Von Ford 0-0: Ball
1-0: Ball
2-0: Ground out 3-1 (Groundball, 34)
Louis Smith to third
Batting: RHB Ron King 0-0: Called Strike
0-1: Ball
1-1: Foul Ball, location: 2F
1-2: Foul Ball, location: 2F
1-2: Strikes out swinging
Bottom of the 5th over - 0 run(s), 1 hit(s), 0 error(s), 1 left on base; Penquannock 2 - Reading 4
TOP OF THE 6TH
Penquannock Overrated Jeter batting - Pitching for Reading Rainbows : LHP Beau Montgomery
Pitching: LHP Robert Trent
Batting: LHB Matt Reese 0-0: Ball
1-0: Ball
2-0: Ball
3-0: Base on Balls
Batting: RHB Vincent Fields 0-0: Called Strike
0-1: Foul Ball, location: 2F
0-2: SINGLE (Line Drive, 6MD)
Matt Reese to second
Batting: RHB Barton Frazier 0-0: Fly out, F8 (Flyball, 8LM)
Batting: RHB Aaron Holt 0-0: Ball
1-0: Ball
2-0: Ball
3-0: Called Strike
3-1: SINGLE (Flyball, 9LS)
Matt Reese to third
Vincent Fields to second
Batting: RHB Doug Brown 0-0: Ball
1-0: Ball
2-0: Foul Ball, location: 2F
2-1: Swinging Strike
2-2: Foul Ball, location: 2F
2-2: Foul Ball, location: 2F
2-2: Foul Ball, location: 2F
2-2: Strikes out looking
Batting: RHB José Velásquez 0-0: SINGLE (Line Drive, 89S)
Matt Reese scores
Vincent Fields to third
Aaron Holt to second
Batting: LHB Pete Weber 0-0: Ball
1-0: Called Strike
1-1: Ball
2-1: Foul Ball, location: 2F
2-2: Fielders Choice at 2nd, 4-6 (Groundball, 4)
Top of the 6th over - 1 run(s), 3 hit(s), 0 error(s), 2 left on base; Penquannock 3 - Reading 4
BOTTOM OF THE 6TH
Reading Rainbows batting - Pitching for Penquannock Overrated Jeter : RHP Joaquín Rojas
Batting: LHB António Salazar 0-0: Ball
1-0: Ball
2-0: Ground out 4-3 (Groundball, 34)
Batting: LHB John Hudson 0-0: Ball
1-0: Called Strike
1-1: Ball
2-1: Ball
3-1: Called Strike
3-2: SINGLE (Flyball, 6MD)
Batting: LHB Shane Lynch 0-0: Ball
1-0: Called Strike
1-1: Called Strike
1-2: Fly out, F9 (Line Drive, 9LD)
Batting: SHB Dan Chandler 0-0: Ball
1-0: Foul Ball, location: 2F
1-1: Hit by Pitch
John Hudson to second
Pitching: LHP Héctor Díaz
Batting: RHB Tim Davis 0-0: Called Strike
0-1: Ball
1-1: SINGLE (Groundball, 6MD)
John Hudson to third
Dan Chandler to second
Runner from 3rd tries for Home, SAFE, no throw
Batting: RHB Hubert Brown 0-0: Ball
1-0: Ball
2-0: Ball
3-0: Called Strike
3-1: Foul Ball, location: 2F
3-2: Ground out 3-1 (Groundball, 34)
Bottom of the 6th over - 1 run(s), 2 hit(s), 0 error(s), 2 left on base; Penquannock 3 - Reading 5
TOP OF THE 7TH
Penquannock Overrated Jeter batting - Pitching for Reading Rainbows : LHP Robert Trent
Batting: LHB Tony Green 0-0: Foul Ball, location: 2F
0-1: Ball
1-1: Ball
2-1: Ball
3-1: Base on Balls
Batting: RHB Armando Pagán 0-0: Ball
1-0: DOUBLE (Line Drive, 9LM)
Tony Green to third
Pinch Hitting: RHB Yale Julien 0-0: Ball
1-0: Called Strike
1-1: Fly out, F8 (Flyball, 8RS)
Runner from 3rd tags up, SCORES, no throw
Batting: RHB Vincent Fields 0-0: Called Strike
0-1: SINGLE (Groundball, 6M) (infield hit)
Armando Pagán to third
Batting: RHB Barton Frazier 0-0: Ball
1-0: Foul Ball, location: 2F
1-1: Ball
2-1: Ball
3-1: Base on Balls
Vincent Fields to second
Pitching: RHP Coy Torres
Pinch Hitting: SHB Francisco Ávila 0-0: Ball
1-0: Ball
2-0: Called Strike
2-1: Swinging Strike
2-2: SINGLE (Flyball, 9S)
Armando Pagán scores
Vincent Fields to third
Barton Frazier to second
Runner from 3rd tries for Home, SAFE, throw made home
Barton Frazier to third
Francisco Ávila to second
Batting: RHB Doug Brown 0-0: Called Strike
0-1: Ball
1-1: Foul Ball, location: 2F
1-2: Foul Ball, location: 2F
1-2: Strikes out looking
Batting: RHB José Velásquez 0-0: Called Strike
0-1: Ball
1-1: Called Strike
1-2: SINGLE (Groundball, 6MD)
Barton Frazier scores
Francisco Ávila to third
Runner from 3rd tries for Home, SAFE, no throw
Batting: LHB Pete Weber 0-0: Ball
1-0: Called Strike
1-1: Ball
2-1: Swinging Strike
2-2: Fielders Choice at 2nd, 4-6 (Groundball, 34)
Top of the 7th over - 5 run(s), 4 hit(s), 0 error(s), 0 left on base; Penquannock 8 - Reading 5
BOTTOM OF THE 7TH
Reading Rainbows batting - Pitching for Penquannock Overrated Jeter : LHP Héctor Díaz
Now at SS: Fernando Díaz
Now in LF: Francisco Ávila
Batting: RHB Louis Smith 0-0: DOUBLE (Flyball, 8RD)
Batting: RHB Von Ford 0-0: Ball
1-0: Ball
2-0: Ground out 6-3 (Groundball, 6)
Batting: RHB Ron King 0-0: Called Strike
0-1: Fly out, F8 (Flyball, 8LXD)
Runner from 2nd tags up, SAFE at 3rd, no throw
Batting: LHB António Salazar 0-0: Ball
1-0: Swinging Strike
1-1: Ball
2-1: Foul Ball, location: 2F
2-2: 2-RUN HOME RUN (Flyball, 9D), Distance : 380 ft
Pitching: RHP Javier González
Batting: LHB John Hudson 0-0: Foul Ball, location: 2F
0-1: Ball
1-1: Ball
2-1: Foul Ball, location: 2F
2-2: Foul Ball, location: 2F
2-2: Ball
3-2: Fly out, F4 (Popup, 4S)
Bottom of the 7th over - 2 run(s), 2 hit(s), 0 error(s), 0 left on base; Penquannock 8 - Reading 7
TOP OF THE 8TH
Penquannock Overrated Jeter batting - Pitching for Reading Rainbows : RHP Coy Torres
Batting: LHB Tony Green 0-0: Foul Ball, location: 2F
0-1: Foul Ball, location: 2F
0-2: Ball
1-2: Strikes out swinging
Batting: RHB Armando Pagán 0-0: Called Strike
0-1: Ball
1-1: Fly out, F9 (Flyball, 9)
Batting: RHB Fernando Díaz 0-0: Called Strike
0-1: Foul Ball, location: 2F
0-2: Ground out 5-3 (Groundball, 56)
Top of the 8th over - 0 run(s), 0 hit(s), 0 error(s), 0 left on base; Penquannock 8 - Reading 7
BOTTOM OF THE 8TH
Reading Rainbows batting - Pitching for Penquannock Overrated Jeter : RHP Javier González
Batting: LHB Shane Lynch 0-0: Ball
1-0: Foul Ball, location: 2F
1-1: Ball
2-1: Swinging Strike
2-2: Strikes out swinging
Batting: SHB Dan Chandler 0-0: Foul Ball, location: 2F
0-1: Swinging Strike
0-2: Ball
1-2: SOLO HOME RUN (Flyball, 8RXD), Distance : 434 ft
Pitching: RHP Toshikuni Nishimura
Batting: RHB Tim Davis 0-0: Ball
1-0: Called Strike
1-1: Swinging Strike
1-2: Fly out, F8 (Flyball, 8LS)
Batting: RHB Hubert Brown 0-0: Ball
1-0: Called Strike
1-1: Swinging Strike
1-2: Ball
2-2: Foul Ball, location: 2F
2-2: Ground out 5-3 (Groundball, 56)
Bottom of the 8th over - 1 run(s), 1 hit(s), 0 error(s), 0 left on base; Penquannock 8 - Reading 8
TOP OF THE 9TH
Penquannock Overrated Jeter batting - Pitching for Reading Rainbows : RHP Coy Torres
Pitching: LHP Holden Clark
Batting: RHB Vincent Fields 0-0: Called Strike
0-1: Swinging Strike
0-2: Ball
1-2: Strikes out swinging
Batting: RHB Barton Frazier 0-0: Ball
1-0: Foul Ball, location: 2F
1-1: Foul Ball, location: 2F
1-2: SINGLE (Groundball, 56D)
Pinch Hitting: RHB Bernardo Enríquez 0-0: Ball
1-0: Foul Ball, location: 2F
1-1: Ball
2-1: Ball
3-1: 2-RUN HOME RUN (Flyball, 89XD), Distance : 414 ft
Batting: RHB Doug Brown 0-0: Ball
1-0: Called Strike
1-1: Foul Ball, location: 2F
1-2: SINGLE (Groundball, 4D)
Batting: RHB José Velásquez 0-0: Grounds into double play, 6-4-3 (Groundball, 6)
Top of the 9th over - 2 run(s), 3 hit(s), 0 error(s), 0 left on base; Penquannock 10 - Reading 8
BOTTOM OF THE 9TH
Reading Rainbows batting - Pitching for Penquannock Overrated Jeter : RHP Toshikuni Nishimura
Now in LF: Tom Thompson
Batting: RHB Louis Smith 0-0: Ground out 6-3 (Groundball, 6)
Batting: RHB Von Ford 0-0: Called Strike
0-1: Foul Ball, location: 2F
0-2: Foul Ball, location: 2F
0-2: Strikes out swinging
Batting: RHB Ron King 0-0: Ball
1-0: Ball
2-0: Foul Ball, location: 2F
2-1: SOLO HOME RUN (Flyball, 78XD), Distance : 392 ft
Batting: LHB António Salazar 0-0: Ball
1-0: Ball
2-0: Called Strike
2-1: SOLO HOME RUN (Flyball, 89XD), Distance : 386 ft
Batting: LHB John Hudson 0-0: Called Strike
0-1: Called Strike
0-2: Ball
1-2: Ball
2-2: Foul Ball, location: 2F
2-2: Ball
3-2: Foul Ball, location: 2F
3-2: Base on Balls
Batting: LHB Shane Lynch 0-0: Ball
1-0: Ball
2-0: SINGLE (Line Drive, 34D)
John Hudson to second
Pinch Hitting: LHB Richard Henry 0-0: Ball
1-0: Called Strike
1-1: Foul Ball, location: 2F
1-2: Strikes out swinging
Bottom of the 9th over - 2 run(s), 3 hit(s), 0 error(s), 2 left on base; Penquannock 10 - Reading 10
TOP OF THE 10TH
Penquannock Overrated Jeter batting - Pitching for Reading Rainbows : LHP Holden Clark
Now at 3B: Ethan Moore
Pinch Hitting: RHB Pedro Ramírez 0-0: Called Strike
0-1: Called Strike
0-2: Strikes out swinging
Pinch Hitting: RHB B.J. Allen 0-0: Ball
1-0: Ball
2-0: Fly out, F7 (Flyball, 78M)
Batting: RHB Armando Pagán 0-0: Called Strike
0-1: Ball
1-1: Called Strike
1-2: Strikes out swinging
Top of the 10th over - 0 run(s), 0 hit(s), 0 error(s), 0 left on base; Penquannock 10 - Reading 10
BOTTOM OF THE 10TH
Reading Rainbows batting - Pitching for Penquannock Overrated Jeter : RHP Toshikuni Nishimura
Now at 2B: Shi-fu Liu
Now at 3B: Alfonso Hernández
Pinch Hitting: LHB Víctor Peña 0-0: Ball
1-0: Ball
2-0: Ball
3-0: Base on Balls
Batting: RHB Hubert Brown 0-0: Foul Ball, location: 2F
0-1: Ball
1-1: Ball
2-1: Swinging Strike
2-2: Ball
3-2: Base on Balls
Víctor Peña to second
Batting: RHB Louis Smith 0-0: Ball
1-0: Ball
2-0: Swinging Strike
2-1: Foul Ball, location: 2F
2-2: Strikes out swinging
Batting: RHB Von Ford 0-0: Ball
1-0: Grounds into double play, 5-4-3 (Groundball, 56)
Bottom of the 10th over - 0 run(s), 0 hit(s), 0 error(s), 1 left on base; Penquannock 10 - Reading 10
TOP OF THE 11TH
Penquannock Overrated Jeter batting - Pitching for Reading Rainbows : LHP Holden Clark
Now at SS: Juan Magdayao
Pinch Hitting: RHB António Rodríguez 0-0: Called Strike
0-1: Called Strike
0-2: Ball
1-2: Strikes out looking
Batting: RHB Vincent Fields 0-0: Ball
1-0: Ball
2-0: Ball
3-0: Base on Balls
Batting: RHB Barton Frazier 0-0: Ground out 5-3 (Groundball, 56S)
Vincent Fields to second
Batting: RHB Tom Thompson 0-0: Called Strike
0-1: SINGLE (Groundball, 34D)
Vincent Fields to third
Runner from 3rd tries for Home, SAFE, no throw
Batting: RHB Doug Brown 0-0: Ball
1-0: Called Strike
1-1: Ball
2-1: Foul Ball, location: 2F
2-2: Fielders Choice at 2nd, 5-4 (Groundball, 56)
Top of the 11th over - 1 run(s), 1 hit(s), 0 error(s), 0 left on base; Penquannock 11 - Reading 10
BOTTOM OF THE 11TH
Reading Rainbows batting - Pitching for Penquannock Overrated Jeter : RHP Toshikuni Nishimura
Now at SS: António Rodríguez
Batting: RHB Ron King 0-0: Called Strike
0-1: Ball
1-1: Ball
2-1: Ground out U3 (Groundball, 3)
Batting: LHB António Salazar 0-0: Called Strike
0-1: Foul Ball, location: 2F
0-2: Ball
1-2: Foul Ball, location: 2F
1-2: Ball
2-2: SOLO HOME RUN (Flyball, 9LD), Distance : 366 ft
Pitching: RHP Juan Velásquez
Batting: LHB John Hudson 0-0: Ball
1-0: Ball
2-0: Ball
3-0: Base on Balls
Pinch Runner at 1st Carlos Huerta:
Batting: LHB Shane Lynch 0-0: Ball
1-0: Ball
2-0: Fly out, F8 (Flyball, 8LM)
Batting: RHB Ethan Moore 0-0: Swinging Strike
0-1: Ball
Wild Pitch!
Carlos Huerta to second
1-1: Swinging Strike
1-2: Ball
2-2: Ball
Wild Pitch!
Carlos Huerta to third
3-2: Foul Ball, location: 2F
3-2: Strikes out looking
Bottom of the 11th over - 1 run(s), 1 hit(s), 0 error(s), 1 left on base; Penquannock 11 - Reading 11
TOP OF THE 12TH
Penquannock Overrated Jeter batting - Pitching for Reading Rainbows : LHP Holden Clark
Now in RF: Carlos Huerta
Batting: RHB José Velásquez 0-0: Fly out, F6 (Popup, 5D)
Batting: RHB Shi-fu Liu 0-0: Called Strike
0-1: Called Strike
0-2: Strikes out swinging
Batting: RHB Alfonso Hernández 0-0: Ball
1-0: Foul Ball, location: 2F
1-1: Swinging Strike
1-2: Strikes out swinging
Top of the 12th over - 0 run(s), 0 hit(s), 0 error(s), 0 left on base; Penquannock 11 - Reading 11
BOTTOM OF THE 12TH
Reading Rainbows batting - Pitching for Penquannock Overrated Jeter : RHP Juan Velásquez
Batting: RHB Juan Magdayao 0-0: Swinging Strike
0-1: Foul Ball, location: 2F
0-2: Ball
1-2: Ball
2-2: Ball
3-2: Ground out 6-3 (Groundball, 6)
Batting: RHB Hubert Brown 0-0: Called Strike
0-1: Ball
1-1: Ball
2-1: Ball
3-1: Base on Balls
Batting: RHB Louis Smith 0-0: Ball
Hubert Brown is caught stealing 2nd base
1-0: Foul Ball, location: 2F
1-1: Ball
2-1: Foul Ball, location: 2F
2-2: Ball
3-2: Foul Ball, location: 2F
3-2: Foul Ball, location: 2F
3-2: SINGLE (Line Drive, 9S)
Pinch Runner at 1st Richard Case:
Batting: RHB Von Ford 0-0: Ball
1-0: Called Strike
1-1: Foul Ball, location: 2F
1-2: Foul Ball, location: 2F
1-2: Foul Ball, location: 2F
1-2: SINGLE (Line Drive, 9S)
Richard Case to second
Batting: RHB Ron King 0-0: Fly out, F7 (Flyball, 7)
Bottom of the 12th over - 0 run(s), 2 hit(s), 0 error(s), 2 left on base; Penquannock 11 - Reading 11
TOP OF THE 13TH
Penquannock Overrated Jeter batting - Pitching for Reading Rainbows : LHP Holden Clark
Pitching: RHP Cory Powell
Now at C: Johnny Jackson
Batting: RHB Armando Pagán 0-0: Fly out, F8 (Flyball, 8RM)
Batting: RHB António Rodríguez 0-0: Ball
1-0: Ball
2-0: Ball
3-0: Base on Balls
Batting: RHB Vincent Fields 0-0: Ball
1-0: Ball
2-0: Foul Ball, location: 2F
2-1: Ball
3-1: Base on Balls
António Rodríguez to second
Batting: RHB Barton Frazier 0-0: Called Strike
António Rodríguez steals 3rd base
Vincent Fields to second
0-1: 3-RUN HOME RUN (Flyball, 7D), Distance : 359 ft
Batting: RHB Tom Thompson 0-0: Ball
1-0: Ball
2-0: Ground out 4-3 (Groundball, 4M)
Batting: RHB Doug Brown 0-0: Foul Ball, location: 2F
0-1: Ground out 4-3 (Groundball, 4)
Top of the 13th over - 3 run(s), 1 hit(s), 0 error(s), 0 left on base; Penquannock 14 - Reading 11
BOTTOM OF THE 13TH
Reading Rainbows batting - Pitching for Penquannock Overrated Jeter : RHP Juan Velásquez
Batting: LHB António Salazar 0-0: Called Strike
0-1: Foul Ball, location: 2F
0-2: Ball
1-2: Foul Ball, location: 2F
1-2: Ball
2-2: Fly out, F9 (Flyball, 9LM)
Batting: RHB Carlos Huerta 0-0: Called Strike
0-1: Ball
1-1: Fly out, F9 (Flyball, 9S)
Batting: LHB Shane Lynch 0-0: Called Strike
0-1: Called Strike
0-2: Ball
1-2: Fly out, F7 (Flyball, 7)
Bottom of the 13th over - 0 run(s), 0 hit(s), 0 error(s), 0 left on base; Penquannock 14 - Reading 11
Thursday, March 30th, 2017 - OOTP Baseball 17.12 Build 75